 Dungeon Crawl Stone Soup version 0.31-a0-1002-g8e65716e6e (webtiles) character file.

Game seed: 16809155404662451615

158 BinkBink the Trooper (level 5, -2/40 HPs)
             Began as a Djinni Fighter on Nov 10, 2023.
             Slain by a sky beast (5 damage)
             ... on level 3 of the Dungeon.
             The game lasted 00:04:32 (2906 turns).

BinkBink the Trooper (Djinni Fighter)               Turns: 2906, Time: 00:04:33

Health: -2/40      AC: 13    Str: 19    XL:     5   Next: 66%
Gold:   67         EV:  8    Int: 10    God:
                   SH:  5    Dex: 17

rFire   + + .        a - +0 long sword
rCold   x . .        c - +0 buckler
rNeg    . . .        l - +3 chain mail of Pan-Flutes {Str+4 Dex+3}
rPois   ∞            (no helmet)
rElec   .            g - +0 cloak
rCorr   .            (no gloves)
SInv    .            (boots unavailable)
Will    .....        (no amulet) Stlth
                     (no ring)
HPRegen 0.26/turn    (no ring)
MPRegen 0.00/turn

%: infuse magic (-3 HP)
@: flying
A: sickness immunity, fire resistance 2, cold vulnerability 1, float, innate
caster, HP casting, extra vitality 1
a: no special abilities


You were on level 3 of the Dungeon.
You visited 1 branch of the dungeon, and saw 3 of its levels.

You collected 67 gold pieces.

Inventory:

Hand Weapons
 a - a +0 long sword (weapon)
 f - a +2 dagger of holy wrath
Armour
 c - a +0 buckler (worn)
 g - a +0 cloak (worn)
 l - the +3 chain mail of Pan-Flutes (worn) {Str+4 Dex+3}
   (You found it on level 2 of the Dungeon)

   Str+4:     It affects your strength (+4).
   Dex+3:     It affects your dexterity (+3).
Scrolls
 e - a scroll of noise {unknown}
 i - a scroll of fear {unknown}
 m - a scroll of enchant armour {unknown}
 o - a scroll of poison {unknown}
Potions
 b - a potion of curing {unknown}
 d - a potion of might
 h - 2 potions of attraction {unknown}
 j - a potion of mutation {unknown}
 k - a potion of haste {unknown}
 n - a potion of degeneration {unknown}


   Skills:
 + Level 3.6 Fighting
 + Level 2.5 Long Blades
 + Level 3.6 Armour
 + Level 2.0 Dodging
 + Level 3.6 Shields
 + Level 1.0 Spellcasting
 + Level 1.0 Conjurations
 + Level 1.0 Hexes
   Level 0.0 Charms
 + Level 1.0 Summonings
 + Level 1.0 Necromancy
 + Level 1.0 Translocations
 + Level 1.0 Transmutations
 + Level 1.0 Fire Magic
 + Level 1.0 Ice Magic
 + Level 1.0 Air Magic
 + Level 1.0 Earth Magic
 + Level 1.0 Poison Magic


You knew the following spells:

 Your Spells              Type           Power      Damage    Failure   Level
a - Shock                 Conj/Air       8%         1d3       93%         1
b - Lesser Beckoning      Tloc           4%         N/A       98%         2
Your spell library was empty.

Dungeon Overview and Level Annotations

Branches:
Dungeon (3/15)

Altars:

Annotations:
D:2 1 runed translucent door, Crazy Yiuf
D:3 Grinder


Innate Abilities, Weirdness & Mutations

You are immune to sickness and miasma.
You are immune to poison.
Your flesh is very heat resistant. (rF++)
You are vulnerable to cold. (rC-)
You float through the air rather than walking.
You learn spells naturally, not from books.
Your magical power is your life essence.
You have superior vitality. (+4 MHP)


Message History

The sky beast hits you but does no damage. x2
You hit the sky beast.
The sky beast is heavily wounded.
The sky beast hits you but does no damage.
You slash the sky beast!
The sky beast is severely wounded.
The sky beast hits you. The sky beast shocks you.
The sky beast barely misses you.
You closely miss the sky beast.
The sky beast is severely wounded.
The sky beast closely misses you.
You hit the sky beast.
The sky beast is almost dead.
The sky beast hits you. The sky beast shocks you.
You closely miss the sky beast.
The sky beast is almost dead.
The sky beast flickers out of sight!
Deactivating autopickup; reactivate with Ctrl-A.
Something hits you but does no damage.
You miss something. Something hits you but does no damage. Something hits you.
Something shocks you.
You hit something but do no damage. Something hits you but does no damage.
You miss something. Something hits you but does no damage.
You closely miss something. Something hits you.
* * * LOW HITPOINT WARNING * * *
Something shocks you.
* * * LOW HITPOINT WARNING * * *
Something hits you but does no damage.
You hit something. Something hits you but does no damage.
You barely miss something.
A sky beast appears from thin air!
Reactivating autopickup.
The sky beast hits you but does no damage.
You completely miss the sky beast.
The sky beast is almost dead.
The sky beast flickers out of sight!
Deactivating autopickup; reactivate with Ctrl-A.
Something hits you.
* * * LOW HITPOINT WARNING * * *
Something shocks you.
You die...

##########
......{@.#
########.# #.# #.#
#######.#########.#
....... ..#.:.....#
.#..###.#.#.#######
.......>#)#.#
.#.###..#.#.#


There were no monsters in sight!

Vanquished Creatures
  Natasha (thrice) (D:3)
  An adder (D:3)
  A worm (D:2)
  3 dart slugs
  4 orcs (D:3)
  10 bats
  4 endoplasms
  5 goblins
  7 hobgoblins
  4 jackals (D:2)
  2 kobolds (D:1)
  3 quokkas
  5 ball pythons
  4 frilled lizards
  3 rats (D:1)
59 creatures vanquished.

Notes
Turn   | Place    | Note
-------+----------+-------------------------------------------
     0 | D:1      | BinkBink the Djinni Fighter began the quest for the Orb.
     0 | D:1      | Reached XP level 1. HP: 20/20 MP: 0/0
   131 | D:1      | Reached XP level 2. HP: 21/25 MP: 0/0
   519 | D:1      | Reached XP level 3. HP: 22/30 MP: 0/0
   519 | D:1      | Learned a level 1 spell: Shock
   805 | D:2      | Found a runed translucent door.
   806 | D:2      | Noticed Crazy Yiuf
  1004 | D:2      | Reached skill level 1 in Dodging
  1157 | D:2      | Identified the +3 chain mail of Pan-Flutes {Str+4 Dex+3}
  1212 | D:2      | Reached XP level 4. HP: 35/35 MP: 0/0
  1591 | D:3      | Noticed Grinder
  1643 | D:3      | Noticed Natasha
  1651 | D:3      | Killed Natasha
  1656 | D:3      | Noticed Natasha
  1665 | D:3      | Killed Natasha
  1666 | D:3      | Reached XP level 5. HP: 34/40 MP: 0/0
  1666 | D:3      | Learned a level 2 spell: Lesser Beckoning
  2181 | D:3      | Noticed Natasha
  2187 | D:3      | Killed Natasha
  2188 | D:3      | Reached skill level 1 in Spellcasting
  2188 | D:3      | Reached skill level 1 in Conjurations
  2188 | D:3      | Reached skill level 1 in Hexes
  2188 | D:3      | Reached skill level 1 in Summonings
  2188 | D:3      | Reached skill level 1 in Necromancy
  2188 | D:3      | Reached skill level 1 in Translocations
  2188 | D:3      | Reached skill level 1 in Transmutations
  2188 | D:3      | Reached skill level 1 in Fire Magic
  2188 | D:3      | Reached skill level 1 in Ice Magic
  2188 | D:3      | Reached skill level 1 in Air Magic
  2188 | D:3      | Reached skill level 1 in Earth Magic
  2188 | D:3      | Reached skill level 1 in Poison Magic
  2888 | D:3      | Noticed a sky beast
  2906 | D:3      | Slain by a sky beast

Illustrated notes

Levels and vault maps discovered:
D:1:      tarquinn_simple_flora_water_a, layout_basic
D:2:      layout_loops_ring, uniq_crazy_yiuf_cottage
D:3:      layout_basic, uniq_natasha, uniq_grinder

Skill      XL: |  1  2  3  4  5 |
---------------+----------------+-----
Long Blades    | 2 |  2.5
Dodging        | 1 2 |  2.0
Spellcasting   | 1 |  1.0
Conjurations   | 1 |  1.0
Hexes          | 1 |  1.0
Summonings     | 1 |  1.0
Necromancy     | 1 |  1.0
Translocations | 1 |  1.0
Transmutations | 1 |  1.0
Fire Magic     | 1 |  1.0
Ice Magic      | 1 |  1.0
Air Magic      | 1 |  1.0
Earth Magic    | 1 |  1.0
Poison Magic   | 1 |  1.0
Fighting       | |  3.6
Armour         | |  3.6
Shields        | |  3.6

Action                     |  1- 3 |  4- 6 || total
---------------------------+-------+-------++-------
  Melee: Long sword        |    88 |   107 ||   195
 Armour: Scale mail        |    47 |       ||    47
         Plate armour      |    25 |     6 ||    31
         Chain mail        |       |    82 ||    82
  Dodge: Dodged            |    27 |    34 ||    61
  Block: Buckler           |    27 |    22 ||    49

Table legend: (Time is in decaauts)
 A = Elapsed time spent in this place.
 B = Non-inter-level travel time spent in this place.
 C = Inter-level travel time spent in this place.
 D = Time resting spent in this place.
 E = Time spent auto-exploring this place.
 F = Levels seen in this place.
 G = Mean time per level.
                   A        B        C        D        E       F      G
               +--------+--------+--------+--------+--------+-----+--------+
         Total |   2973 |   2845 |    128 |    575 |   1666 |   3 |  991.0 |
       Dungeon |   2973 |   2845 |    128 |    575 |   1666 |   3 |  991.0 |
               +--------+--------+--------+--------+--------+-----+--------+

Top non-repeatable levels by time:
     D:2: 1294 daAuts
     D:3: 896 daAuts
     D:1: 782 daAuts
